 Dungeon Crawl Stone Soup version 0.29.1-15-g9cfb28693d (webtiles) character file.

Game seed: 10716811645805687314

11469 KittyFluff the Basher (level 11, -8/103 HPs)
             Began as a Gargoyle Berserker on Apr 10, 2023.
             Was a High Priest of Trog.
             Mangled by a blink frog (11 damage)
             ... on level 1 of the Lair of Beasts.
             The game lasted 00:49:12 (12428 turns).

KittyFluff the Basher (Gargoyle Berserker)         Turns: 12428, Time: 00:49:12

Health: -8/103     AC: 16    Str: 28    XL:     11   Next: 78%
Magic:  0/11       EV: 14    Int:  7    God:    Trog [*****.]
Gold:   414        SH:  0    Dex: 13    Spells: 10/10 levels left

rFire   + . .      SeeInvis .   k - +7 mace "Cisytowk" {vamp, Str+3}
rCold   + . .      Faith    .   (no shield)
rNeg    + . .      Spirit   +   y - +3 leather armour {rF+}
rPois   ∞          Reflect  .   (no helmet)
rElec   +          Harm     .   (no cloak)
rCorr   .          Rampage  +   F - +0 pair of gloves {Stlth+}
Will    .....                   (no boots)
Stlth   ..........              E - amulet "Heess" {Spirit Rampage *Slow rElec Str+3}
HPRegen 0.27/turn               A - ring of protection from cold
MPRegen 0.12/turn               L - ring of flight

@: berserking, flying, very quick
A: sickness immunity, AC +8, negative energy resistance 1, electricity
resistance, torment resistance 1, petrification resistance
a: Renounce Religion, Berserk, Trog's Hand, Brothers in Arms


You were on level 1 of the Lair of Beasts.
You worshipped Trog.
Trog was extremely pleased with you.
You visited 2 branches of the dungeon, and saw 12 of its levels.

You collected 616 gold pieces.
You spent 202 gold pieces at shops.

Inventory:

Hand Weapons
 k - the +7 mace "Cisytowk" (weapon) {vamp, Str+3}
   (You found it on level 3 of the Dungeon)

   It occasionally heals its wielder for a portion of the damage dealt when it
   wounds a living foe.
   Str:       It affects your strength (+3).
 q - a +0 sling
 x - a +2 flail of protection
 H - a +1 flail of freezing
 K - a +0 morningstar
 Q - a +0 shortbow
 W - a +4 dire flail
 X - a +0 demon whip of venom
Missiles
 c - 92 stones (quivered)
 d - 5 javelins
 l - 20 poisoned darts
 m - 5 boomerangs
 t - 5 silver boomerangs
 O - 6 curare-tipped darts
 T - 7 silver javelins
Armour
 y - a +3 leather armour of fire resistance (worn)
 F - a +0 pair of gloves of stealth (worn)
 J - a +0 tower shield
 N - a +0 robe of willpower
 U - a +0 scale mail
 V - a +2 plate armour of fire resistance
Jewellery
 A - a ring of protection from cold (left hand)
 E - the amulet "Heess" (around neck) {Spirit Rampage *Slow rElec Str+3}
   (You found it on level 6 of the Dungeon)

   [amulet of guardian spirit]

   It causes incoming damage to be divided between your reserves of health and
   magic.
   Str:       It affects your strength (+3).
   rElec:     It insulates you from electricity.
   *Slow:     It may slow you when you take damage.
   Rampage:   It bestows one free step when moving towards enemies.
 L - a ring of flight (right hand)
 R - a ring of protection from cold
 Z - a ring of willpower
Wands
 g - a wand of polymorph (7)
 r - a wand of charming (9)
 u - a wand of flame (46)
 I - a wand of mindburst (12)
Scrolls
 a - 3 scrolls of amnesia {unknown}
 h - a scroll of enchant weapon {unknown}
 i - 7 scrolls of teleportation {unknown}
 j - a scroll of enchant armour {unknown}
 n - a scroll of brand weapon {unknown}
 o - 2 scrolls of noise {unknown}
 p - 3 scrolls of immolation {unknown}
 s - 2 scrolls of fear {unknown}
 v - 4 scrolls of vulnerability {unknown}
 P - a scroll of poison {unknown}
 S - 2 scrolls of fog {unknown}
 Y - a scroll of torment {unknown}
Potions
 e - 3 potions of magic
 f - 2 potions of ambrosia
 w - 3 potions of berserk rage
 z - 4 potions of curing
 B - 2 potions of attraction {unknown}
 C - a potion of flight {unknown}
 D - a potion of might {unknown}
 G - 2 potions of heal wounds {unknown}
 M - 2 potions of haste {unknown}
Miscellaneous
 b - a phial of floods


   Skills:
 + Level 8.8 Fighting
 + Level 11.6 Maces & Flails
 + Level 1.6 Ranged Weapons
 * Level 9.1 Armour
 + Level 5.5 Dodging
 + Level 5.6 Stealth
 * Level 5.5 Shields


You had 10 spell levels left.
You didn't know any spells.
Your spell library was empty.

Dungeon Overview and Level Annotations

Branches:
Dungeon (10/15)            Temple (0/1) D:6            Lair (2/5) D:9
    Orc (0/2) D:10
  Swamp: Lair:2-3    Shoals: Lair:2-3     Snake: Lair:2-3    Spider: Lair:2-3

Altars:
Ashenzari
Fedhas
Gozag
Kikubaaqudgha
Makhleb
Nemelex Xobeh
Okawaru
Ru
Sif Muna
Xom

Shops:
D:4 ((   D:6 *[   D:8 *   D:10 =


Innate Abilities, Weirdness & Mutations

You are immune to sickness and miasma.
Your stone body is resilient. (AC +8)
You are immune to poison.
You resist negative energy. (rN+)
You are resistant to electric shocks. (rElec)
You are resistant to unholy torment.
You are immune to petrification.


Message History

The blink frog hits you!
* * * LOW HITPOINT WARNING * * *
The blink frog blinks!
The blink frog closely misses you.
You thump the blink frog!
You feel better.
The blink frog is severely wounded.
The blink frog closely misses you. The blink frog hits you.
* * * LOW HITPOINT WARNING * * *
The blink frog blinks!
You feel better. The blink frog closely misses you.
The blink frog barely misses you.
You barely miss the blink frog.
The blink frog is moderately wounded.
The blink frog barely misses you.
You closely miss the blink frog.
The blink frog is moderately wounded.
The blink frog hits you but does no damage.
The blink frog blinks!
You hit the blink frog.
You feel better.
The blink frog is heavily wounded.
The blink frog hits you!
* * * LOW HITPOINT WARNING * * *
The blink frog misses you.
You barely miss the blink frog.
The blink frog is heavily wounded.
The blink frog hits you!
* * * LOW HITPOINT WARNING * * *
The blink frog blinks!
The blink frog barely misses you.
A red film seems to cover your vision as you go berserk!
You feel yourself moving faster!
You feel mighty! The blink frog barely misses you.
You barely miss the blink frog.
The blink frog is severely wounded.
You sock the blink frog!
The blink frog is almost dead.
The blink frog hits you but does no damage.
You barely miss the blink frog. You punch the blink frog.
You kill the blink frog!
Trog accepts your kill. The blink frog hits you!
You die...

##...................
#....................
#...................†
##...................
##...................
#...†................
##...................
#...................
#..@................
#.F†§......>....####
##...............#≈≈≈
#...F.......§....≈≈≈≈
##...............#≈≈§
#...............#≈≈≈
#...............#≈≈≈
#................P#≈#
##...................


You could see 2 blink frogs.

Vanquished Creatures
  A hydra (D:10)
  Urug (D:10)
  Sonja (D:10)
  Amaemon (D:10)
  Pikel (D:8)
  An orange demon (D:10)
  2 cane toads
  A kobold demonologist (D:9)
  A komodo dragon (D:9)
  A polar bear (Lair:1)
  3 blink frogs (Lair:1)
  Grinder (D:5)
  Sigmund (D:5)
  A shadow (D:10)
  A wraith (D:10)
  13 yaks (D:9)
  3 steam dragons
  A sky beast (D:8)
  Duvessa (D:5)
  3 ice beasts
  2 orc warriors (D:9)
  2 ogres
  A centaur (D:10)
  2 lemures (D:8)
  2 kobold brigands
  5 bullfrogs
  A necrophage (D:5)
  2 scorpions
  20 wights
  Dowan (D:5)
  3 killer bees (D:9)
  2 howler monkeys (D:9)
  A crimson imp (D:8)
  11 orc priests
  5 hounds
  2 jellies
  7 iguanas
  9 orc wizards
  7 adders
  A white imp (D:5)
  An ufetubus (D:6)
  3 worms (D:2)
  3 dart slugs
  40 orcs
  6 bats
  13 endoplasms
  6 giant cockroaches (D:1)
  7 goblins
  9 hobgoblins
  6 jackals
  6 quokkas
  4 ball pythons
  5 frilled lizards
  14 kobolds
  8 rats
  A spectral hobgoblin (D:1)
257 creatures vanquished.

Vanquished Creatures (others)
  A fungus (Lair:2)
  29 plants
30 creatures vanquished.

Grand Total: 287 creatures vanquished

Notes
Turn   | Place    | Note
-------+----------+-------------------------------------------
     0 | D:1      | KittyFluff the Gargoyle Berserker began the quest for the
                  | Orb.
     0 | D:1      | Reached XP level 1. HP: 14/14 MP: 1/1
   244 | D:1      | Reached XP level 2. HP: 5/19 MP: 2/2
   834 | D:1      | Reached XP level 3. HP: 20/24 MP: 3/3
   881 | D:1      | Reached ** piety under Trog
  1559 | D:1      | Found a faded altar of an unknown god.
  1877 | D:2      | Reached XP level 4. HP: 29/29 MP: 4/4
  2689 | D:3      | Reached skill level 4 in Maces & Flails
  3055 | D:3      | Identified the +7 mace "Cisytowk" {vamp, Str+3}
  3180 | D:3      | Reached XP level 5. HP: 33/33 MP: 5/5
  3379 | D:3      | Reached *** piety under Trog
  3479 | D:3      | Reached skill level 1 in Stealth
  3828 | D:4      | Reached XP level 6. HP: 35/39 MP: 6/6
  4204 | D:4      | Found Amuegi's Weapon Shop.
  4325 | D:4      | Found Ratigeacs's Weapon Emporium.
  4846 | D:4      | Bought 5 silver boomerangs for 90 gold pieces
  4868 | D:5      | Entered Level 5 of the Dungeon
  4878 | D:4      | Reached skill level 5 in Maces & Flails
  4916 | D:5      | Reached XP level 7. HP: 31/44 MP: 7/7
  5007 | D:5      | Noticed Dowan
  5008 | D:5      | Noticed Duvessa
  5031 | D:5      | Killed Duvessa
  5032 | D:5      | Reached skill level 5 in Fighting
  5046 | D:5      | Killed Dowan
  5047 | D:5      | Reached skill level 1 in Ranged Weapons
  5155 | D:5      | Reached skill level 6 in Maces & Flails
  5175 | D:5      | Found a blossoming altar of Fedhas.
  5175 | D:5      | Found an opulent altar of Gozag.
  5184 | D:5      | Found an iron altar of Okawaru.
  5304 | D:5      | Noticed Grinder
  5314 | D:5      | Killed Grinder
  5315 | D:5      | Reached XP level 8. HP: 39/49 MP: 8/8
  5407 | D:5      | Noticed Sigmund
  5423 | D:5      | Killed Sigmund
  5424 | D:5      | Reached skill level 5 in Armour
  5460 | D:5      | Found a burning altar of Makhleb.
  5663 | D:5      | Reached **** piety under Trog
  5667 | D:5      | Reached skill level 7 in Maces & Flails
  6055 | D:5      | Found a shimmering blue altar of Sif Muna.
  6424 | D:6      | Found Qudwick's Antique Armour Emporium.
  6643 | D:6      | Found a staircase to the Ecumenical Temple.
  6691 | D:6      | Found Rirhusa's Assorted Antiques.
  6727 | D:6      | Reached skill level 8 in Maces & Flails
  6727 | D:6      | Reached XP level 9. HP: 55/55 MP: 9/9
  6853 | D:6      | Identified the amulet "Heess" {Spirit Rampage *Slow rElec
                  | Str+3}
  7169 | D:6      | Bought a pair of glowing gloves for 112 gold pieces
  8617 | D:8      | Found a sacrificial altar of Ru.
  8659 | D:8      | Found an ancient bone altar of Kikubaaqudgha.
  8788 | D:8      | Reached skill level 9 in Maces & Flails
  9380 | D:8      | Found a broken altar of Ashenzari.
  9389 | D:8      | Noticed Pikel
  9411 | D:8      | Killed Pikel
  9412 | D:8      | Reached XP level 10. HP: 58/63 MP: 7/10
  9489 | D:8      | Found Uprereocs's Assorted Antiques.
  9534 | D:8      | Found a shimmering altar of Xom.
  9694 | D:9      | Noticed a kobold demonologist
  9720 | D:9      | Killed a kobold demonologist
  9828 | D:9      | Reached skill level 1 in Shields
  9952 | D:9      | Reached skill level 10 in Maces & Flails
 10205 | D:9      | Reached ***** piety under Trog
 11182 | D:9      | Found a staircase to the Lair.
 11205 | D:9      | Reached XP level 11. HP: 45/68 MP: 6/11
 11331 | D:10     | Entered Level 10 of the Dungeon
 11376 | D:10     | Noticed Sonja
 11436 | D:10     | Killed Sonja
 11437 | D:10     | Reached skill level 5 in Dodging
 11437 | D:10     | Reached skill level 5 in Stealth
 11458 | D:10     | Found a sparkling altar of Nemelex Xobeh.
 11526 | D:10     | Found Tipna's Jewellery Shop.
 11580 | D:10     | Noticed a four-headed hydra
 11589 | D:10     | Killed a four-headed hydra
 11590 | D:10     | Reached skill level 11 in Maces & Flails
 11789 | D:10     | Noticed Urug
 11805 | D:10     | Killed Urug
 11863 | D:10     | Noticed Amaemon
 11876 | D:10     | Killed Amaemon
 11884 | D:10     | Reached skill level 5 in Shields
 12107 | D:10     | Found a staircase to the Orcish Mines.
 12226 | Lair:1   | Entered Level 1 of the Lair of Beasts
 12226 | Lair:1   | You are sucked into a shaft and drop 1 floor!
 12274 | Lair:2   | Noticed an eight-headed hydra
 12424 | Lair:1   | HP: 1/69 [blink frog (13)]
 12428 | Lair:1   | Mangled by a blink frog

Illustrated notes

Levels and vault maps discovered:
D:1:      dpeg_arrival_stone_temple_mockup, layout_basic,
          dreamdust_ecumenical_altar_drowned_temple
D:2:      layout_rooms
D:3:      minmay_diamond_boxcup, layout_basic
D:4:      layout_basic, serial_shops, nicolae_shop_bloodbath_and_beyond, shop
D:5:      layout_basic, bloody_makhleb, kennysheep_orc_sif_temple,
          gammafunk_temple_overflow_elements, okawaru_trees_1,
          minmay_misc_feat_doors, minmay_starry_boxes, uniq_grinder,
          uniq_duvessa, uniq_sigmund
D:6:      layout_basic, temple_green, serial_shops, shop,
          nicolae_shop_hallway_plus
D:7:      layout_basic
D:8:      layout_gridville, mainiacjoe_overflow_catwalk,
          mainiacjoe_overflow_catch_the_wave, led_xom_imps, serial_shops,
          nicolae_shop_crystal, uniq_pikel
D:9:      layout_irregular_city, david_lair_shrubbed, serial_bayou_lagoon_a
D:10:     layout_roguey, kennysheep_mini_moat, orc_0_dummy, serial_shops,
          nicolae_take_the_stairs, uniq_sonja, uniq_amaemon, uniq_urug
Lair:1:   layout_gridlike, gauntlet_entry_generic, grunt_megastairs_5
Lair:2:   layout_misc_corridors, lemuel_old_faithful

Skill      XL: |  1  2  3  4  5  6  7  8  9 10 11 |
---------------+----------------------------------+-----
Armour         | 3 4 6 7 8 9 |  9.1
Dodging        | 2 3 4 5 |  5.5
Fighting       | 4 5 7 8 |  8.8
Maces & Flails | 4 5 6 8 9 10 11 | 11.6
Stealth        | 1 2 4 5 |  5.6
Ranged Weapons | 1 |  1.6
Shields        | 4 5 |  5.5

Action                   |  1- 3 |  4- 6 |  7- 9 | 10-12 || total
-------------------------+-------+-------+-------+-------++-------
Melee: Mace              |   134 |   178 |   312 |   346 ||   970
       Punch             |     1 |       |     3 |     9 ||    13
 Fire: Sling             |       |     3 |       |       ||     3
Invok: Berserk           |       |       |     1 |     2 ||     3
  Use: Scroll            |       |     4 |       |     2 ||     6
       Potion            |       |       |       |     1 ||     1
 Stab: Sleeping          |       |       |     3 |    10 ||    13
Armor: Animal skin       |    65 |    29 |       |       ||    94
       Leather armour    |       |    37 |   122 |   123 ||   282
       Skin              |       |       |    14 |       ||    14
Dodge: Dodged            |   113 |   107 |   156 |   205 ||   581
